AoeStats
← jeff224171

Hideout

509829217Analyzed
1v1 RM · 2d ago on Sep 28, 2026· 44m 0s· 2 players
Game mode
Random Map
Map size
Tiny (2 player)
Population
200
Speed
Normal
Resources
Standard
Victory
Conquest
Starting age
Dark Age
Ending age
Imperial Age
RankedLock teamsTeams togetherTeam positionsShared explorationLock speedFull tech treeHidden civsTurbo modeCheats
Victory
Defeat
🇹🇼 Franks · Taiwan
1310
+17
🇺🇸 Franks · United States
1338
-17
jeff224171
7:08 Loom
9:33 Feudal Age
10:03 Double-Bit Axe
13:01 Forging
16:18 Scale Mail Armor
20:08 Castle Age
21:11 Wheelbarrow
20:21 Town Watch
21:02 Scale Barding Armor
21:36 Iron Casting
21:46 Husbandry
21:56 Gold Mining
25:05 Loom
26:15 Bow Saw
33:23 Chain Barding Armor
37:28 Imperial Age
38:19 Hand Cart
37:43 Cavalier
39:00 Plate Barding Armor
39:25 Blast Furnace
38:52 Conscription
39:35 Paladin
40:27 Pikeman
41:07 Squires
40:53 Arson
41:47 Chain Mail Armor
41:19 Treadmill Crane
41:50 Masonry
41:45 Siege Engineers
42:41 Chemistry
42:51 Fortified Wall
43:17 Fervor
42:35 Halberdier
BluE CaT
10:11 Feudal Age
13:45 Castle Age
12:32 Double-Bit Axe
13:45 Loom
20:32 Wheelbarrow
22:32 Scale Barding Armor
22:37 Forging
26:02 Chain Barding Armor
26:42 Bow Saw
27:13 Husbandry
33:21 Forging
35:47 Iron Casting
35:47 Gold Mining
37:50 Hand Cart
37:59 Town Watch
38:14 Fletching
41:27 Imperial Age
41:52 Gold Shaft Mining
41:43 Cavalier
42:24 Scale Mail Armor
43:07 Plate Barding Armor
Connection lost

Rejoining the realm…

Still unreachable

The connection could not be restored.

Session expired

The server has moved on; the page needs a fresh start.